 Dungeon Crawl Stone Soup version 0.30.0 (webtiles) character file.

Game seed: 13498020997395178318

4109 GloriousHammer the Basher (level 10, -4/98 HPs)
             Began as an Armataur Delver on May 6, 2023.
             Was a Believer of Makhleb.
             Slain by a two-headed ogre
             ... wielding a +0 halberd
              (9 damage)
             ... in a bailey.
             The game lasted 00:27:40 (9181 turns).

GloriousHammer the Basher (Armataur Delver)         Turns: 9181, Time: 00:27:41

Health: -4/98      AC: 17    Str: 21    XL:     10   Next: 6%
Magic:  14/14      EV:  6    Int: 12    God:    Makhleb [**....]
Gold:   253        SH:  0    Dex: 13    Spells: 9/9 levels left

rFire   . . .        a - +4 mace
rCold   . . .        (no shield)
rNeg    . . .        C - +0 chain mail
rPois   +            (no helmet)
rElec   .            o - +0 cloak of Agnosticism {Dex+2}
rCorr   .            (no gloves)
SInv    .            (no barding)
Will    .....        (no amulet) Stlth
                     P - ring of poison resistance
HPRegen 0.36/turn    T - +4 ring of protection
MPRegen 0.14/turn

%: roll
@: no status effects
A: large, rugged brown scales 3, deformed body, armoured tail, roll, long
tongue, awkward tongue, hooves 1, iridescent scales 1, robust 1
a: Renounce Religion, Minor Destruction


You were in a bailey.
You worshipped Makhleb.
Makhleb was pleased with you.
You visited 2 branches of the dungeon, and saw 9 of its levels.
You also visited: Bailey.

You collected 471 gold pieces.
You spent 218 gold pieces at shops.

Inventory:

Hand Weapons
 a - a +4 mace (weapon)
 b - a +0 sling
Missiles
 f - 7 throwing nets
 l - 139 stones (quivered)
 q - 5 poisoned darts
 w - 4 javelins
 B - 2 boomerangs of dispersal
Armour
 o - the +0 cloak of Agnosticism (worn) {Dex+2}
   (You bought it in a shop on level 6 of the Dungeon)

   Dex:       It affects your dexterity (+2).
 C - a +0 chain mail (worn)
Jewellery
 L - a ring of flight
 P - a ring of poison resistance (left hand)
 R - a ring of resist corrosion
 S - a +6 ring of strength
 T - a +4 ring of protection (right hand)
Wands
 g - a wand of digging (2)
 u - a wand of polymorph (1)
 v - a wand of iceblast (6)
 x - a wand of light (2)
 D - a wand of flame (13)
Scrolls
 c - a scroll of fog
 e - 2 scrolls of poison
 i - a scroll of enchant weapon
 s - a scroll of enchant armour
 t - 2 scrolls of immolation
 y - a scroll of amnesia {unknown}
 E - a scroll of teleportation {unknown}
 I - a scroll of identify
Potions
 h - a potion of ambrosia
 j - 2 potions of lignification
 k - 2 potions of attraction
 m - a potion of mutation
 n - a potion of curing
 p - a potion of cancellation {unknown}
 r - a potion of brilliance
 z - a potion of invisibility {unknown}
 A - a potion of resistance


   Skills:
 + Level 6.7 Fighting
 * Level 9.0 Maces & Flails
 + Level 7.4 Armour
 - Level 1.3 Dodging
 - Level 5.4 Stealth
 + Level 5.8 Invocations


You had 9 spell levels left.
You didn't know any spells.
Your spell library contained the following spells:

 Spells                   Type           Power      Damage    Failure   Level
 Shock                    Conj/Air       0%         1d3       88%         1
 Ensorcelled Hibernation  Hex/Ice        0%         N/A       96%         2
 Passwall                 Tmut/Erth      0%         N/A       96%         2
 Scorch                   Fire           0%         2d5       96%         2
 Swiftness                Air            0%         N/A       99%         3
 Airstrike                Air            0%         2d(0-16)  100%        4
 Flame Wave               Conj/Fire      0%         2d4       100%        4
 Conjure Ball Lightning   Conj/Air       0%         3x3d6     100%        6
 Summon Cactus Giant      Summ           0%         N/A       100%        6
 Discord                  Hex            0%         N/A       100%        8
 Disjunction              Tloc           0%         N/A       100%        8


Dungeon Overview and Level Annotations

Branches:
Dungeon (8/15)             Temple (1/1) D:4          Bailey (1/1)
   Lair: D:8-11

Altars:
Ashenzari
Cheibriados
Dithmenos
Elyvilon
Fedhas
Gozag
Hepliaklqana
Kikubaaqudgha
Makhleb
Nemelex Xobeh
Okawaru
Qazlal
Trog
Uskayaw
Vehumet
Yredelemnul
Zin
The Shining One

Shops:
D:4 *   D:6 [

Annotations:
D:3 2 transporters, Exaltedone87's ghost, amateur DsGl
D:4 3 runed translucent doors, nroviw's ghost, amateur AtFi
D:5 exclusion: downstairs
D:6 2 runed translucent doors, exclusion: downstairs, pikabug's ghost, novice DsMo
D:7 exclusions: kobold demonologist and upstairs


Innate Abilities, Weirdness & Mutations

You are completely covered in rugged brown scales. (AC +3, +7% HP)
Armour fits poorly on your strangely shaped body.
You have a long armoured tail.
You roll when moving toward enemies. (Rampage)
Your long tongue fully drains potion bottles. (2x potion effects)
Your tongue gives you trouble enunciating. (1.5x scroll delay)
You have large cloven feet.
You are partially covered in iridescent scales. (AC +2)
You are robust. (+10% HP)


Message History

Found a gate leading back out of this place.
There is an empty arch of ancient stone here.
You start resting.
HP restored.
You start waiting.
Done waiting.
An ogre comes into view. It is wielding a +0 glaive.
You roll towards the ogre!
You hit the ogre. You kick the ogre, but do no damage.
The ogre is lightly wounded.
The ogre hits you with a +0 glaive!!
You sock the ogre! You kick the ogre. You tail-slap the ogre.
You kill the ogre!
Makhleb accepts your kill.
You feel better.
You start resting.
HP restored.
You start waiting.
Done waiting.
There is an empty arch of ancient stone, spattered with blood here.
You see here a +0 glaive.
You enter the shallow water.
An ogre comes into view. It is wielding a +0 halberd.
The ogre shouts!
You hear a shout! x2
You roll towards the ogre!
You roll towards the ogre!
A spriggan comes into view. It is wielding a +0 spear.
The ogre hits you with a +0 halberd!
The spriggan shouts!
You sock the ogre!
The ogre is moderately wounded.
You hear a shout!
You hit the ogre. Your kick misses the ogre. You tail-slap the ogre.
The ogre is severely wounded.
The ogre hits you with a +0 halberd!
You hit the ogre. You kick the ogre. You punch the ogre.
The ogre is almost dead.
The spriggan hits you but does no damage.
You sock the ogre!
You kill the ogre!
Makhleb accepts your kill.
You feel better.
The spriggan hits you but does no damage.
A spriggan comes into view. It is wielding a +0 trident.
The spriggan hits you but does no damage.
The spriggan shouts!
You enter the shallow water.
The spriggan hits you but does no damage.
There is an empty arch of ancient stone, spattered with blood here.
You see here a +0 glaive.
You roll towards the spriggan!
You sock the spriggan! Your kick misses the spriggan.
The spriggan is heavily wounded.
The spriggan barely misses you.
The spriggan hits you but does no damage.
You hit the spriggan.
The spriggan is severely wounded.
The spriggan hits you but does no damage. x2
You sock the spriggan!
You kill the spriggan!
Makhleb accepts your kill.
You feel better. The spriggan closely misses you.
The spriggan hits you but does no damage.
You roll towards the spriggan!
You thump the spriggan! Your kick misses the spriggan.
The spriggan is moderately wounded.
The spriggan barely misses you.
You sock the spriggan! Your kick misses the spriggan.
The spriggan is almost dead.
The spriggan hits you with a +0 trident!
You sock the spriggan!
You kill the spriggan!
Makhleb accepts your kill.
You feel better.
You start resting.
An ogre comes into view. It is wielding a +0 halberd.
An ogre is nearby!
The ogre shouts!
You hear two shouts!
You see here a +0 trident.
You roll towards the ogre!
You barely miss the ogre. You kick the ogre.
The ogre is lightly wounded.
The ogre barely misses you.
You hit the ogre. Your kick misses the ogre.
The ogre is lightly wounded.
The ogre hits you with a +0 halberd!
You hit the ogre. You kick the ogre.
The ogre is moderately wounded.
You sock the ogre!
The ogre is severely wounded.
The ogre hits you with a +0 halberd!
You sock the ogre! You kick the ogre.
You kill the ogre!
Makhleb accepts your kill.
You feel better.
You have reached level 10!
You start resting.
HP restored.
You start waiting.
An ogre comes into view. It is wielding a +0 halberd.
The ogre shouts!
Things that are here:
a +0 halberd; a +0 trident You roll towards the ogre!
You roll towards the ogre!
You hit the ogre. You kick the ogre. You tail-slap the ogre.
The ogre is moderately wounded.
The ogre hits you with a +0 halberd.
You hit the ogre. You kick the ogre.
The ogre is heavily wounded.
The ogre hits you with a +0 halberd!
You hit the ogre. You kick the ogre.
Your tail-slap misses the ogre.
The ogre is severely wounded.
You hit the ogre.
The ogre is almost dead.
The ogre hits you but does no damage.
You hit the ogre.
The ogre is almost dead.
You sock the ogre!
You kill the ogre!
Makhleb accepts your kill.
Your Maces & Flails skill increases to level 9!
You start resting.
HP restored.
You start waiting.
Done waiting.
Things that are here:
a +0 halberd; an ogre corpse You enter the shallow water.
An ogre comes into view. It is wielding a +0 halberd.
The ogre shouts!
A two-headed ogre comes into view.
It is wielding a +0 halberd and a +0 glaive.
The two-headed ogre shouts in stereo!
You enter the shallow water.
There is a gate leading back out of this place here.
You roll towards the ogre!
You sock the ogre! You kick the ogre.
Your tail-slap misses the ogre.
The ogre is moderately wounded.
The ogre hits you with a +0 halberd!
You sock the ogre!
The ogre is heavily wounded.
The two-headed ogre hits you from afar with a +0 halberd.
The two-headed ogre barely misses you.
You barely miss the ogre.
The ogre is heavily wounded.
You hit the ogre. You kick the ogre.
The ogre is severely wounded.
The two-headed ogre barely misses you.
The two-headed ogre hits you but does no damage.
The ogre hits you with a +0 halberd!
You hit the ogre. You kick the ogre, but do no damage.
The ogre is almost dead.
You hit the ogre.
You kill the ogre!
Makhleb accepts your kill.
You feel better.
The two-headed ogre hits you from afar with a +0 halberd.
The two-headed ogre hits you from afar with a +0 glaive!
You roll towards the two-headed ogre!
You hit the two-headed ogre. Your kick misses the two-headed ogre.
The two-headed ogre is lightly wounded.
The two-headed ogre hits you with a +0 halberd.
The two-headed ogre hits you with a +0 glaive!
You closely miss the two-headed ogre.
You kick the two-headed ogre, but do no damage.
Your tail-slap misses the two-headed ogre.
The two-headed ogre is lightly wounded.
You sock the two-headed ogre! Your kick misses the two-headed ogre.
You tail-slap the two-headed ogre, but do no damage.
The two-headed ogre is lightly wounded.
The two-headed ogre hits you with a +0 halberd.
The two-headed ogre hits you with a +0 glaive.
You barely miss the two-headed ogre. Your kick misses the two-headed ogre.
The two-headed ogre is lightly wounded.
The two-headed ogre barely misses you.
The two-headed ogre hits you with a +0 glaive!
* * * LOW HITPOINT WARNING * * *
Aiming: Throw Flame
Press: ? - help, Shift-Dir - straight line, f - two-headed ogre
Aim: a two-headed ogre, wielding a +0 halberd and a +0 glaive (lightly wounded, 85% to hit)
Okay, then.
Aiming: Bolt of Light
Press: ? - help, Shift-Dir - straight line, f - two-headed ogre
Aim: a two-headed ogre, wielding a +0 halberd and a +0 glaive (lightly wounded, 86% to hit)
The bolt of light hits the two-headed ogre!
The two-headed ogre is moderately wounded.
The two-headed ogre is blinded.
You sock the two-headed ogre! You kick the two-headed ogre.
The two-headed ogre is severely wounded.
You sock the two-headed ogre! Your kick misses the two-headed ogre.
The two-headed ogre is severely wounded.
The two-headed ogre hits you with a +0 halberd.
* * * LOW HITPOINT WARNING * * *
The two-headed ogre hits you with a +0 glaive!
* * * LOW HITPOINT WARNING * * *
You hit the two-headed ogre but do no damage.
The two-headed ogre is severely wounded.
The two-headed ogre hits you with a +0 halberd!
* * * LOW HITPOINT WARNING * * *
The two-headed ogre hits you with a +0 glaive!
You die...

.....# ....#
### #.)##
##.## #..##
##...## ♣#..##
#.....#
##..###.....##
#..~~~..)...#
#..~~~..)...#
#..~~~.).@..#
#..~~~..O...#
#..~~~..∩.).#
#♣..###.....##
##..## #.....#
##..## ##...##
##♣#♣.O##
##.## ......##
### .....##


You could see a two-headed ogre (blind).

Vanquished Creatures
  Pikel (D:8)
  Maggie (D:6)
  Grinder (D:6)
  2 spriggans (Bailey)
  2 wyverns
  Eustachio (D:6)
  2 water moccasins
  An ice beast (D:7)
  5 ogres (Bailey)
  A centaur (D:7)
  2 phantoms
  6 bullfrogs
  A gnoll sergeant (D:8)
  A scorpion (D:7)
  4 wights (D:8)
  A howler monkey (D:5)
  2 gnoll boudas
  4 hounds
  2 sleepcaps (D:5)
  Natasha (thrice) (D:2)
  2 iguanas (D:5)
  3 orc wizards
  19 gnolls
  5 adders
  A shadow imp (D:4)
  2 ufetubi (D:5)
  2 worms
  4 dart slugs
  15 orcs
  8 endoplasms
  3 giant cockroaches
  5 hobgoblins
  9 jackals
  2 quokkas
  A ball python (D:2)
  2 bats
  9 goblins
  4 kobolds
  4 rats
143 creatures vanquished.

Vanquished Creatures (others)
  4 plants (D:3)
4 creatures vanquished.

Grand Total: 147 creatures vanquished

Notes
Turn   | Place    | Note
-------+----------+-------------------------------------------
     0 | D:5      | GloriousHammer the Armataur Delver began the quest for the
                  | Orb.
     0 | D:5      | Reached XP level 1. HP: 19/19 MP: 1/1
     7 | D:5      | Noticed an iguana
    97 | D:5      | Found an ancient bone altar of Kikubaaqudgha.
    98 | D:5      | Noticed an iguana
   272 | D:3      | Reached skill level 2 in Maces & Flails
   425 | D:3      | Reached XP level 2. HP: 26/26 MP: 2/2
   667 | D:2      | Reached skill level 1 in Armour
   855 | D:1      | Reached XP level 3. HP: 33/33 MP: 3/3
  1328 | D:2      | Found a hazy altar of Hepliaklqana.
  1574 | D:2      | Noticed Natasha
  1671 | D:2      | Killed Natasha
  1672 | D:2      | Reached skill level 3 in Maces & Flails
  1672 | D:2      | Reached XP level 4. HP: 35/40 MP: 4/4
  1763 | D:2      | Noticed Natasha
  1981 | D:2      | Killed Natasha
  2099 | D:2      | Reached XP level 5. HP: 48/48 MP: 5/5
  2421 | D:2      | Noticed Natasha
  2431 | D:2      | Killed Natasha
  2644 | D:2      | Found a hazy altar of Hepliaklqana.
  2848 | D:3      | Reached skill level 4 in Maces & Flails
  2961 | D:3      | Found a transporter.
  2995 | D:3      | Found a transporter.
  3031 | D:3      | Found a shadowy altar of Dithmenos.
  3031 | D:3      | Found a hide-covered altar of Uskayaw.
  3180 | D:3      | Found a faded altar of an unknown god.
  3237 | D:3      | Identified the +0 halberd of the Shore {chaos, rN+ rCorr
                  | MP+9 Int-5}
  3258 | D:3      | Noticed Exaltedone87's ghost (amateur DsGl)
  3906 | D:4      | Found a staircase to the Ecumenical Temple.
  3915 | Temple   | Entered the Ecumenical Temple
  4089 | Temple   | Became a worshipper of Makhleb the Destroyer
  4202 | D:4      | Noticed nroviw's ghost (amateur AtFi)
  4203 | D:4      | Found a runed translucent gate.
  4203 | D:4      | Found a runed translucent gate.
  4203 | D:4      | Found a runed translucent gate.
  4340 | D:4      | Found Alaisim's General Store.
  4419 | D:4      | Reached XP level 6. HP: 36/55 MP: 6/6
  4955 | D:5      | Reached skill level 1 in Invocations
  5061 | D:5      | Reached skill level 5 in Maces & Flails
  5551 | D:5      | Reached XP level 7. HP: 29/64 MP: 8/8
  5841 | D:6      | Noticed Eustachio
  5875 | D:6      | Found a runed translucent door.
  5889 | D:6      | Noticed pikabug's ghost (novice DsMo)
  5897 | D:6      | Gained mutation: You have large cloven feet. [potion of
                  | mutation]
  5897 | D:6      | Gained mutation: You are partially covered in iridescent
                  | scales. (AC +2) [potion of mutation]
  5897 | D:6      | Gained mutation: You are robust. (+10% HP) [potion of
                  | mutation]
  5897 | D:6      | HP: 5/105 [poisoned by a water moccasin]
  5929 | D:6      | Noticed Grinder
  5935 | D:6      | Killed Grinder
  6166 | D:6      | Killed Eustachio
  6167 | D:6      | Reached skill level 6 in Maces & Flails
  6172 | D:6      | Reached XP level 8. HP: 76/78 MP: 8/10
  6226 | D:6      | Noticed Maggie
  6239 | D:6      | Killed Maggie
  6240 | D:6      | Reached skill level 5 in Fighting
  6416 | D:6      | Reached skill level 5 in Armour
  6460 | D:6      | Found Xowimirche's Antique Armour Emporium.
  6463 | D:6      | Found a runed translucent door.
  6468 | D:6      | Bought a faintly glowing cloak for 218 gold pieces
  6468 | D:6      | Identified the +0 cloak of Agnosticism {Dex+2} (You bought
                  | it in a shop on level 6 of the Dungeon)
  6810 | D:6      | Found a glowing silver altar of Zin.
  6897 | D:6      | Found a snail-covered altar of Cheibriados.
  7116 | D:7      | Reached skill level 7 in Maces & Flails
  7322 | D:7      | Reached * piety under Makhleb
  7334 | D:7      | Reached XP level 9. HP: 41/87 MP: 12/12
  7605 | D:7      | Noticed a kobold demonologist
  7612 | D:7      | Noticed a kobold demonologist
  7612 | D:7      | Noticed a kobold demonologist
  7613 | D:7      | Noticed a soul eater
  7922 | D:8      | Noticed Pikel
  7942 | D:8      | Killed Pikel
  7943 | D:8      | Reached skill level 8 in Maces & Flails
  7943 | D:8      | Reached skill level 5 in Invocations
  8291 | D:8      | Reached ** piety under Makhleb
  8541 | D:8      | Found a flagged portal.
  8542 | D:8      | Noticed a two-headed ogre
  8551 | Bailey   | Entered a bailey
  8901 | Bailey   | Reached XP level 10. HP: 79/98 MP: 14/14
  9012 | Bailey   | Reached skill level 9 in Maces & Flails
  9151 | Bailey   | Noticed a two-headed ogre
  9181 | Bailey   | Slain by a two-headed ogre

Illustrated notes

Levels and vault maps discovered:
D:1:      beargit_arrival_greenhouse, layout_loops_ring
D:2:      layout_basic, basic_altar, uniq_natasha
D:3:      layout_basic, gammafunk_temple_overflow_statue,
          gammafunk_ghost_gnarly_gnolls, basic_ecumenical_altar
D:4:      layout_layer_cave, minmay_temple_entry_glassed_door, serial_shops,
          nicolae_shop_crystal, gammafunk_ghost_necromancy,
          nicolae_figureground_pulse
D:5:      layout_cave_pools, kiku_gazebo_pond_becter
D:6:      layout_gridville, cheibrodos_worm_habitat, zin_treasury,
          ebering_ghost_sewer_f, serial_shops, shop, uniq_grinder, uniq_maggie,
          uniq_eustachio
D:7:      layout_cave_pools, corexii_checkpoint_a, dreamdust_wishing_well,
          uniq_joseph
D:8:      layout_cave_pods, lemuel_blue_sif_altar, serial_gnoll_camp,
          gnoll_camp_medium_02, gnoll_camp_mini_loothouse,
          gnoll_camp_mini_doghouse, gnoll_camp_mini_hut, enter_bailey_5,
          minmay_radiant, uniq_pikel
Temple:   hellmonk_temple_forest_ring
Bailey:   bailey_polearm_enchanted_keep_hellmonk, bailey

Skill      XL: |  1  2  3  4  5  6  7  8  9 10 |
---------------+-------------------------------+-----
Maces & Flails | 2 3 4 5 6 7 8 9 |  9.0
Armour         | 1 2 3 4 5 7 |  7.4
Fighting       | 3 4 5 6 |  6.7
Invocations    | 1 2 4 5 |  5.8
Dodging        | |  1.3
Stealth        | |  5.4

Action                     |  1- 3 |  4- 6 |  7- 9 | 10-12 || total
---------------------------+-------+-------+-------+-------++-------
  Melee: Mace              |    60 |   138 |   275 |    19 ||   492
         Tailslap          |     6 |    12 |    36 |     2 ||    56
         Unarmed           |     5 |     3 |       |       ||     8
         Kick              |       |       |    74 |     8 ||    82
         Punch             |       |       |     7 |       ||     7
   Fire: Sling             |     5 |       |       |       ||     5
  Evoke: Wand              |       |       |    19 |     1 ||    20
    Use: Scroll            |     4 |       |     9 |       ||    13
         Potion            |       |       |     6 |       ||     6
   Stab: Sleeping          |     3 |     2 |       |       ||     5
         Distracted        |       |     2 |       |       ||     2
         Paralysed         |       |       |    14 |       ||    14
         Invisible         |       |       |     3 |       ||     3
 Armour: Leather armour    |     3 |       |       |       ||     3
         Ring mail         |    20 |    58 |       |       ||    78
         Skin              |       |     2 |     7 |       ||     9
         Chain mail        |       |       |   243 |     2 ||   245
  Dodge: Dodged            |    32 |    66 |   128 |     3 ||   229
